Map: Dusk Towers

Players

llllllllllll

  • Race: Protoss Protoss
  • League: Grandmaster

State - Winner!

  • Race: Protoss Protoss
  • League: Grandmaster

VOD

Have the link to the VOD?

Description

Time

  • Played on: Dec. 27, 2015, 10:10 p.m.
  • Length: 9:50
Show
View Real Time Build Order
Export as new Build Order

llllllllllll Protoss 

Build Orders: Nexus First 

Get SALT Encoding   

  12  0:00  Probe (Chrono Boost)  
  13  0:11  Probe (Chrono Boost)  
  14  0:19  Pylon  
  14  0:22  Probe (Chrono Boost)  
  15  0:37  Probe (Chrono Boost)  
  16  0:48  Probe (Chrono Boost)  
  17  0:57  Nexus  
  17  1:07  Gateway  
  18  1:11  Probe (Chrono Boost)  
  18  1:17  Assimilator  
  18  1:23  Probe (Chrono Boost), Assimilator  
  19  1:34  Probe (Chrono Boost)  
  19  1:37  Gateway  
  20  1:44  Probe (Chrono Boost)  
  21  1:50  Pylon  
  21  1:55  Probe (Chrono Boost)  
  22  2:01  Cybernetics Core  
  22  2:05  Probe (Chrono Boost)  
  23  2:09  Probe (Chrono Boost)  
  24  2:18  Probe (Chrono Boost)  
  25  2:24  Probe (Chrono Boost)  
  25  2:29  Probe (Chrono Boost)  
  27  2:37  Stalker (Chrono Boost)  
  27  2:38  Stalker (Chrono Boost)  
  27  2:39  Warp Gate (Chrono Boost)  
  33  2:44  Mothership Core  
  33  2:51  Pylon  
  33  2:53  Probe  
  34  3:04  Stalker (Chrono Boost)  
  34  3:05  Probe  
  37  3:31  Stalker (Chrono Boost)  
  37  3:32  Stalker (Chrono Boost)  
  39  3:39  Probe (Chrono Boost)  
  38  3:42  Twilight Council, Pylon  
  38  3:48  Probe (Chrono Boost)  
  39  3:53  Probe (Chrono Boost)  
  40  3:58  Probe (Chrono Boost), Pylon  
  41  4:03  Probe (Chrono Boost)  
  41  4:08  Probe  
  43  4:10  Robotics Facility  
  43  4:16  Probe  
  44  4:18  Probe  
  44  4:20  Blink (Chrono Boost)  
  45  4:28  Probe  
  45  4:30  Pylon  
  46  4:36  Nexus  
  46  4:38  Probe  
  46  4:40  Probe  
  46  4:41  Stalker  
  50  4:48  Probe  
  50  4:52  Mothership Core  
  53  4:55  Assimilator  
  53  4:56  Pylon  
  53  4:59  Probe, Assimilator  
  54  5:00  Observer  
  55  5:09  Probe  
  55  5:10  Pylon  
  55  5:11  Forge  
  55  5:13  Probe  
  56  5:17  Stalker x2  
  60  5:23  Gateway  
  60  5:29  Pylon  
  60  5:30  Probe  
  59  5:45  Stalker  
  59  5:46  Stalker  
  58  6:04  Probe  
  58  6:06  Immortal (Chrono Boost)  
  58  6:07  Gateway  
  58  6:08  Gateway  
  61  6:12  Stalker  
  61  6:13  Stalker  
  61  6:14  Probe  
  66  6:23  Photon Cannon  
  66  6:25  Photon Cannon  
  66  6:29  Protoss Ground Weapons Level 1  
  66  6:32  Probe  
  66  6:33  Probe  
  66  6:34  Probe  
  69  6:41  Stalker  
  69  6:43  Gateway  
  66  6:47  Observer (Chrono Boost)  
  60  7:11  Stalker x3  
  60  7:13  Probe  
  67  7:18  Probe  
  67  7:20  Probe  
  66  7:25  Probe  
  65  7:31  Probe  
  65  7:35  Probe  
  67  7:37  Probe  
  67  7:42  Probe  
  69  7:45  Probe  
  69  7:49  Probe  
  69  7:50  Observer (Chrono Boost)  
  72  7:52  Probe  
  72  7:56  Pylon  
  72  7:57  Stalker x2  
  72  7:58  Stalker x2  
  82  8:01  Probe (Chrono Boost)  
  82  8:02  Pylon  
  82  8:03  Probe (Chrono Boost)  
  82  8:05  Probe (Chrono Boost)  
  83  8:11  Observer  
  85  8:15  Probe x2 (Chrono Boost)  
  85  8:16  Probe (Chrono Boost)  
  85  8:18  Photon Cannon  
  88  8:25  Probe (Chrono Boost)  
  79  8:34  Immortal (Chrono Boost)  
  75  8:40  Stalker x3  
  75  8:41  Stalker, Assimilator  
  87  8:44  Assimilator  
  87  8:46  Probe  
  87  8:48  Photon Cannon  
  88  8:49  Probe  
  88  8:50  Probe  
  90  8:55  Sentry  
  90  8:57  Probe  
  90  8:59  Pylon  
  90  9:01  Probe  
  90  9:02  Probe  
  95  9:07  Mothership Core, Pylon  
  97  9:12  Pylon  
  97  9:13  Probe  
  97  9:14  Probe  
  103  9:25  Probe  
  103  9:26  Probe x2  
  106  9:33  Stalker x2  
  106  9:34  Stalker x2  
  106  9:37  Probe  
Show
View Real Time Build Order
Export as new Build Order

State Protoss - Winner!

Build Orders: 1 Gate Expand, Blink Stalkers 

Get SALT Encoding   

  12  0:01  Probe (Chrono Boost)  
  13  0:11  Probe (Chrono Boost)  
  14  0:17  Pylon  
  14  0:22  Probe (Chrono Boost)  
  15  0:35  Probe (Chrono Boost)  
  16  0:36  Gateway  
  16  0:43  Assimilator  
  16  0:46  Probe (Chrono Boost)  
  17  0:56  Probe (Chrono Boost)  
  18  1:07  Probe (Chrono Boost)  
  19  1:17  Nexus  
  19  1:20  Probe (Chrono Boost)  
  20  1:31  Cybernetics Core  
  20  1:33  Probe (Chrono Boost)  
  20  1:39  Assimilator  
  21  1:44  Probe (Chrono Boost)  
  22  1:49  Pylon  
  22  1:54  Probe (Chrono Boost)  
  23  2:07  Stalker (Chrono Boost)  
  26  2:12  Mothership Core (Chrono Boost)  
  27  2:21  Warp Gate  
  27  2:28  Probe (Chrono Boost)  
  28  2:30  Probe (Chrono Boost)  
  28  2:37  Stalker (Chrono Boost)  
  31  2:38  Probe  
  31  2:42  Probe  
  33  2:49  Probe  
  34  2:52  Twilight Council  
  34  2:54  Probe  
  35  3:01  Pylon  
  35  3:02  Pylon  
  35  3:03  Pylon  
  35  3:04  Probe  
  35  3:08  Probe  
  36  3:15  Probe  
  36  3:17  Stalker (Chrono Boost)  
  39  3:21  Probe  
  39  3:25  Probe  
  39  3:33  Probe  
  40  3:40  Probe, Blink (Chrono Boost)  
  38  3:43  Stalker (Chrono Boost)  
  38  3:45  Probe  
  40  3:50  Probe  
  41  3:56  Robotics Facility  
  41  3:57  Probe  
  41  4:01  Probe  
  42  4:09  Probe  
  44  4:10  Assimilator  
  44  4:11  Probe  
  44  4:14  Assimilator  
  44  4:15  Gateway x2  
  45  4:22  Gateway  
  45  4:23  Probe  
  46  4:31  Pylon  
  46  4:34  Pylon  
  46  4:48  Probe  
  46  4:49  Probe, Pylon  
  46  4:50  Stalker  
  50  4:58  Warp Prism (Chrono Boost)  
  52  5:02  Dark Shrine  
  54  5:10  Nexus  
  54  5:11  Probe x2  
  54  5:20  Stalker x2  
  58  5:24  Stalker  
  58  5:25  Probe  
  61  5:30  Stalker  
  61  5:33  Probe  
  64  5:38  Probe  
  63  5:45  Probe  
  64  5:50  Probe, Observer (Chrono Boost)  
  64  5:53  Stalker x2  
  66  5:57  Probe  
  62  6:05  Stalker x2  
  62  6:06  Probe  
  67  6:17  Pylon  
  67  6:18  Pylon  
  65  6:21  Probe  
  65  6:22  Probe x2  
  68  6:27  Forge  
  68  6:30  Dark Templar x4  
  68  6:31  Probe  
  76  6:35  Probe, Pylon  
  76  6:36  Probe  
  79  6:42  Probe  
  80  6:48  Probe x2  
  80  6:52  Probe  
  82  7:00  Probe  
  82  7:01  Probe  
  81  7:03  Probe, Immortal (Chrono Boost)  
  84  7:09  Protoss Ground Weapons Level 1 (Chrono Boost)  
  84  7:12  Probe  
  84  7:13  Probe  
  84  7:14  Gateway  
  86  7:16  Gateway  
  86  7:17  Gateway  
  86  7:19  Mothership Core  
  86  7:21  Stalker x4  
  91  7:24  Pylon  
  91  7:29  Assimilator  
  91  7:30  Pylon, Assimilator  
  91  7:32  Pylon  
  91  7:33  Immortal (Chrono Boost)  
  91  7:43  Charge  
  93  7:47  Stalker x2  
  93  7:48  Stalker x2  
  101  7:55  Gateway  
  101  7:56  Gateway  
  101  8:02  Gateway  
  101  8:03  Templar Archives  
  101  8:10  Warp Prism  
  101  8:17  Stalker x3  
  108  8:26  Stalker x3  
  100  8:45  High Templar  
  100  8:46  Zealot x2, High Templar  
  108  8:49  Nexus  
  108  8:51  Pylon, Archon  
  108  8:57  Probe x2  
  110  9:03  Photon Cannon  
  110  9:06  Photon Cannon  
  110  9:07  Photon Cannon  
  110  9:12  High Templar  
  110  9:13  High Templar x3  
  110  9:14  Zealot x4  
  126  9:17  Archon  
  126  9:23  Archon  
  126  9:33  Zealot x2  
  126  9:34  Zealot  
  132  9:42  Zealot x3  
  128  9:47  Zealot x4  
Tags
 
Add a new tag
Caveats
  • Supply blocks, unpowered buildings, or Contaminate may cause inaccurate times.
  • Supply counts are checked every 10 seconds.